 Dungeon Crawl Stone Soup version 0.30-a0-937-ga0a21ad780 (webtiles) character file.

Game seed: 5562428653832071026

23532 octoduck the Fighter (level 13, -2/109 HPs)
             Began as a Djinni Ice Elementalist on Mar 24, 2023.
             Was a High Priest of Ashenzari.
             Slain by a death yak (21 damage)
             ... on level 1 of the Lair of Beasts.
             The game lasted 00:59:53 (17495 turns).

octoduck the Fighter (Djinni Ice Elementalist)     Turns: 17495, Time: 00:59:54

Health: -2/109     AC: 18    Str:  9    XL:     13   Next: 35%
Gold:   895        EV: 27    Int: 22    God:    Ashenzari [*****.] SH:  0 Dex: 26

rFire   + + +      SeeInvis +    u - +0 long sword "Tucih" {speed, rPois rC- rCorr Dex+8}
rCold   x . .      Faith    .    (no shield)
rNeg    . . .      Spirit   .    I - +1 robe of the Eye in the Sky {rC+ rF+, Melee, Self} (curse)
rPois   ∞          Reflect  .    m - +0 helmet of Ashenzari's Stickiness {Cun, Evo} (curse)
rElec   .          Rampage  .    H - +0 cloak "Secrets of Ashenzari" {Stlth+, Fort, Self} (curse)
rCorr   +          Clarity  +    B - +0 pair of gloves "Shattered Together" {Fort, Range} (curse)
Will    ++...                    (boots unavailable)
Stlth   ++++++                   a - amulet of Supernal Knowledge {Acrobat, Cun, Fort} (curse)
HPRegen 0.38/turn                d - ring "Gaze Upon Infinity" {Will+, Self, Cun} (curse)
MPRegen 0.00/turn                F - ring of the Unyielding Gaze {Int+6, Self, Cun} (curse)

@: ice-armoured, freezing walls, flying
A: sickness immunity, fire resistance 2, cold vulnerability 1, float, innate
caster, HP casting, extra vitality 1
a: Renounce Religion, Curse Item, Shatter the Chains


You were on level 1 of the Lair of Beasts.
You worshipped Ashenzari.
Ashenzari was extremely pleased with you.
You visited 3 branches of the dungeon, and saw 14 of its levels.
You also visited: Volcano.

You collected 895 gold pieces.

Inventory:

Hand Weapons
 f - a +0 great sword of flaming
 k - a +2 quick blade of flaming
 u - the +0 long sword "Tucih" (weapon) {speed, rPois rC- rCorr Dex+8}
   (You found it on level 6 of the Dungeon)

   Dex:       It affects your dexterity (+8).
   rC:        It makes you vulnerable to cold.
   rPois:     It protects you from poison.
   rCorr:     It protects you from acid and corrosion.
Missiles
 l - a boomerang of dispersal
 w - 11 datura-tipped darts
 y - 2 silver javelins
 D - 3 silver boomerangs
Armour
 m - the cursed +0 helmet of Ashenzari's Stickiness (worn) {Cun, Evo}
   (You found it on level 1 of the Dungeon)

   It has a curse which improves the following skills: Cunning: Dodging and
   Stealth.
   Evocations: Evocations.
 B - the cursed +0 pair of gloves "Shattered Together" (worn) {Fort, Range}
   (You found it on level 3 of the Dungeon)

   It has a curse which improves the following skills: Fortitude: Armour and
   Shields.
   Ranged Combat: Ranged Weapons and Throwing.
 H - the cursed +0 cloak "Secrets of Ashenzari" (worn) {Stlth+, Fort, Self}
   (You found it on level 4 of the Dungeon)

   It has a curse which improves the following skills: Fortitude: Armour and
   Shields.
   Introspection: Fighting and Spellcasting.
 I - the cursed +1 robe of the Eye in the Sky (worn) {rC+ rF+, Melee, Self}
   (You took it off Erica on level 9 of the Dungeon)

   It has a curse which improves the following skills: Melee Combat: Short
   Blades, Long Blades, Axes, Maces & Flails, Polearms, Staves and Unarmed
   Combat.
   Introspection: Fighting and Spellcasting.
Jewellery
 a - the cursed amulet of Supernal Knowledge (around neck) {Acrobat, Cun, Fort}
   (You found it on level 10 of the Dungeon)

   [amulet of the acrobat]

   It increases your evasion while moving and waiting.
   It has a curse which improves the following skills: Cunning: Dodging and
   Stealth.
   Fortitude: Armour and Shields.
 d - the cursed ring "Gaze Upon Infinity" (left hand) {Will+, Self, Cun}
   (You found it on level 1 of the Dungeon)

   [ring of willpower]

   Will:      It increases your willpower.
   It has a curse which improves the following skills: Introspection: Fighting
   and Spellcasting.
   Cunning:   Dodging and Stealth.
 F - the cursed ring of the Unyielding Gaze (right hand) {Int+6, Self, Cun}
   (You found it on level 4 of the Dungeon)

   [ring of intelligence]

   Int:       It affects your intelligence (+6).
   It has a curse which improves the following skills: Introspection: Fighting
   and Spellcasting.
   Cunning:   Dodging and Stealth.
Wands
 v - a wand of acid (9)
 L - a wand of charming (20)
 Q - a wand of roots (14)
Scrolls
 i - 3 scrolls of teleportation
 p - 4 scrolls of poison
 x - 7 scrolls of vulnerability
 A - 4 scrolls of fear
 E - 2 scrolls of enchant weapon
 K - 2 scrolls of amnesia
 O - 3 scrolls of blinking
Potions
 b - 3 potions of attraction
 c - a potion of brilliance
 e - a potion of lignification
 g - 8 potions of mutation
 h - a potion of degeneration
 j - 3 potions of might
 n - a potion of ambrosia
 o - a potion of resistance
 q - 3 potions of haste
 s - a potion of cancellation
 G - 4 potions of curing
 J - 2 potions of flight
 M - 4 potions of heal wounds
 U - a potion of berserk rage
Miscellaneous
 V - a tin of tremorstones (2/2)
 W - a box of beasts


   Skills:
 + Level 10.6(15.6) Fighting
 + Level 6.0(8.1) Long Blades
 - Level 3.0(6.4) Armour
 - Level 10.4(15.4) Dodging
 * Level 4.1(8.6) Stealth
 + Level 10.6(15.6) Spellcasting
 - Level 5.8(7.9) Evocations


You knew the following spells:

 Your Spells              Type           Power      Damage    Failure   Level
a - Magic Dart            Conj           100%       1d8       0%          1
b - Frozen Ramparts       Ice            100%       1d16      0%          3
c - Ozocubu's Armour      Ice            72%        N/A       0%          3
d - Freeze                Ice            100%       1d10      0%          1
e - Summon Ice Beast      Ice/Summ       72%        N/A       1%          4
f - Blink                 Tloc           100%       N/A       0%          2
g - Hailstorm             Conj/Ice       72%        3d15      0%          3
h - Portal Projectile     Hex/Tloc       100%       N/A       0%          3
i - Iskenderun's Battles  Conj           72%        2d12      1%          5
j - Lee's Rapid Deconstr  Erth           36%        3d18*     1%          5
Your spell library was empty.

Dungeon Overview and Level Annotations

Branches:
Dungeon (11/15)            Temple (1/1) D:4            Lair (2/5) D:11
    Orc (0/2) D:9         Volcano (visited)
  Swamp: Lair:2-3    Shoals: Lair:2-3     Snake: Lair:2-3    Spider: Lair:2-3

Altars:
Ashenzari
Cheibriados
Dithmenos
Elyvilon
Fedhas
Gozag
Hepliaklqana
Makhleb
Nemelex Xobeh
Okawaru
Qazlal
Ru
Trog
Uskayaw
Wu Jian
Xom
Yredelemnul
Zin
The Shining One

Shops:
D:1 !

Annotations:
D:6 3 runed translucent doors, Pimp's ghost, novice MfGl
D:11 Erolcha


Innate Abilities, Weirdness & Mutations

You are immune to sickness and miasma.
You are immune to poison.
Your flesh is very heat resistant. (rF++)
You are vulnerable to cold. (rC-)
You float through the air rather than walking.
You learn spells naturally, not from books.
Your magical power is your life essence.
You have superior vitality. (+4 MHP)


Message History

A chill wind blows around you.
The wall freezes the death yak.
The death yak gores you!
* * * LOW HITPOINT WARNING * * *
The wall freezes the death yak but does no damage.
The death yak barely misses you.
Your icy armour and frozen ramparts will break if you move.
Continue?
The death yak attacks as you move away! The death yak barely misses you.
Your icy armour cracks and falls away as you move.
The frozen ramparts melt away as you move.
The death yak attacks as you move away! The death yak closely misses you.
The death yak attacks as you move away! The death yak completely misses you.
The death yak attacks as you move away! The death yak completely misses you.
Your ice beast hits the death yak but does no damage.
The death yak attacks as you move away! The death yak closely misses you.
Casting: Summon Ice Beast (safe; 1% risk of failure)
Confirm with . or Enter, or press ? or * to list all spells.
A film of ice covers your body!
* * * LOW HITPOINT WARNING * * *
The death yak barely misses you.
Casting: Ozocubu's Armour (safe; 0% risk of failure)
Confirm with . or Enter, or press ? or * to list all spells.
Aiming: Freeze (safe; 0% risk of failure)
Press: ? - help, Shift-Dir - straight line, f - death yak
Aim: a death yak (moderately wounded)
Okay, then.
Casting: Freeze (safe; 0% risk of failure)
Confirm with . or Enter, or press ? or * to list all spells.
Casting: Frozen Ramparts (safe; 0% risk of failure)
Press: ? - help, Dir - look around, f - activate The walls around you are covered in ice.
* * * LOW HITPOINT WARNING * * *
The wall freezes the death yak!
The death yak misses you.
Something completely misses your ice beast.
Your ice beast barely misses the death yak.
Casting: Frozen Ramparts (safe; 0% risk of failure)
Confirm with . or Enter, or press ? or * to list all spells.
You conjure a globe of magical energy.
* * * LOW HITPOINT WARNING * * *
The wall freezes the death yak.
The death yak gores you!!
You die...

###......#...................#
......#..##................###
........###...............##
.#......####..............#
#........####.>.?.........#
.........P# ##............#
..........## ##...*.......#
...........## #..........##
............# ##@P....####
............## ##Y....#
.............# #{Y....##
............Y###.......#
.............##Y.......##
.............#..........##
...........#.............#
.........................##
..........##..............#


You could see a death yak, a friendly ice beast (summoned) and a friendly
battlesphere.

Vanquished Creatures
  A catoblepas (D:9)
  A centaur warrior (D:9)
  Erica (D:9)
  A boulder beetle (Lair:1)
  2 two-headed ogres
  A death yak (Lair:1)
  Sonja (D:10)
  2 skeletal warriors (Volcano)
  A deep elf pyromancer (D:9)
  A wizard (D:9)
  2 anaconda skeletons (Volcano)
  4 gargoyles
  4 cane toads
  An unseen horror (D:10)
  2 efreet (D:9)
  A komodo dragon (Lair:1)
  A rime drake (Lair:1)
  5 trolls
  Grinder (D:3)
  Prince Ribbit (D:7)
  A harpy skeleton (Volcano)
  3 flying skulls (Volcano)
  15 yaks
  6 vampire mosquitoes
  3 steam dragons
  Duvessa (D:7)
  6 water moccasins
  2 ice beasts
  A sky beast (D:5)
  6 orc warriors
  5 black bears
  A centaur (D:6)
  2 kobold brigands
  3 bullfrogs
  A scorpion (D:6)
  2 gnoll sergeants
  Dowan (D:7)
  35 killer bees
  A spriggan skeleton (Volcano)
  3 howler monkeys (D:9)
  2 hounds
  4 jellies
  Crazy Yiuf (D:3)
  8 orc priests
  3 iguanas
  Ijyb (D:3)
  13 orc wizards
  2 sleepcaps (D:6)
  A naga skeleton (Volcano)
  5 adders
  4 gnolls (D:10)
  A white imp (D:5)
  A worm (D:2)
  5 dart slugs
  40 orcs
  13 endoplasms
  3 giant cockroaches
  9 goblins
  14 hobgoblins
  10 jackals
  14 kobolds
  3 quokkas
  8 ball pythons
  5 bats
  A frilled lizard (D:1)
  7 rats
310 creatures vanquished.

Vanquished Creatures (collateral kills)
  A deep elf pyromancer (D:9)
  A wyvern (D:9)
  A yak (D:8)
  A steam dragon (D:9)
  A vampire mosquito (D:6)
  2 water moccasins
  A black bear (D:6)
  An ogre (D:5)
  A phantom (D:6)
  A bullfrog (D:11)
  A howler monkey (D:9)
  2 orc wizards (D:11)
  6 orcs
  A quokka (D:5)
21 creatures vanquished.

Vanquished Creatures (others)
  13 demonic plants (D:3)
  53 fungi
  56 plants
  2 withered plants (D:3)
124 creatures vanquished.

Grand Total: 455 creatures vanquished

Notes
Turn   | Place    | Note
-------+----------+-------------------------------------------
     0 | D:1      | octoduck the Djinni Ice Elementalist began the quest for
                  | the Orb.
     0 | D:1      | octoduck set off with the following spells memorised:
                  | Freeze, Frozen Ramparts, Ozocubu's Armour, Summon Ice
                  | Beast.
     0 | D:1      | Reached XP level 1. HP: 15/15 MP: 0/0
   134 | D:1      | Reached XP level 2. HP: 11/21 MP: 0/0
   441 | D:1      | Found Poaxai's Distillery.
   452 | D:1      | Reached XP level 3. HP: 19/25 MP: 0/0
   452 | D:1      | Learned a level 1 spell: Magic Dart
  1461 | D:2      | Reached XP level 4. HP: 30/31 MP: 0/0
  2646 | D:3      | Noticed Ijyb
  2653 | D:3      | Killed Ijyb
  2654 | D:3      | Reached skill level 1 in Fighting
  2654 | D:3      | Reached XP level 5. HP: 29/37 MP: 0/0
  2654 | D:3      | Learned a level 2 spell: Blink
  2796 | D:3      | Noticed Grinder
  2802 | D:3      | Killed Grinder
  2803 | D:3      | Reached skill level 5 in Spellcasting
  2803 | D:3      | Reached XP level 6. HP: 22/46 MP: 0/0
  3286 | D:3      | Found a faded altar of an unknown god.
  3511 | D:3      | Found a runed translucent door.
  3512 | D:3      | Noticed Crazy Yiuf
  3520 | D:3      | Killed Crazy Yiuf
  3521 | D:3      | Reached XP level 7. HP: 42/50 MP: 0/0
  3521 | D:3      | Learned a level 3 spell: Hailstorm
  3868 | D:4      | Found a staircase to the Ecumenical Temple.
  3881 | Temple   | Entered the Ecumenical Temple
  4045 | Temple   | Became a worshipper of Ashenzari the Shackled
  4639 | D:5      | Entered Level 5 of the Dungeon
  4767 | D:5      | Reached skill level 5 in Fighting
  4767 | D:5      | Reached XP level 8. HP: 11/59 MP: 0/0
  5744 | D:5      | You are sucked into a shaft and drop 2 floors!
  5817 | D:6      | Reached * piety under Ashenzari
  6036 | D:6      | Found a runed translucent gate.
  6037 | D:6      | Found a runed translucent gate.
  6038 | D:6      | Found a runed translucent gate.
  6668 | D:6      | Reached XP level 9. HP: 66/70 MP: 0/0
  6668 | D:6      | Learned a level 3 spell: Portal Projectile
  6899 | D:6      | Noticed Pimp's ghost (novice MfGl)
  6922 | D:6      | Identified the +0 long sword "Tucih" {speed, rPois rC-
                  | rCorr Dex+8}
  7493 | D:6      | Reached ** piety under Ashenzari
  7836 | D:7      | Noticed Prince Ribbit
  7861 | D:7      | Killed Prince Ribbit
  8294 | D:7      | Reached *** piety under Ashenzari
  8297 | D:7      | Noticed Duvessa
  8297 | D:7      | Noticed Dowan
  8316 | D:7      | Killed Duvessa
  8316 | D:7      | Killed Dowan
  8466 | D:7      | Found a shimmering altar of Xom.
  9340 | D:8      | Reached XP level 10. HP: 68/81 MP: 0/0
  9467 | D:8      | Reached skill level 5 in Dodging
 10101 | D:9      | Noticed an efreet
 10105 | D:9      | Noticed a two-headed ogre
 10253 | D:9      | Noticed an efreet
 10253 | D:9      | Identified the Disquisition on the Noxious Tundra
 10260 | D:9      | Noticed a wizard
 10262 | D:9      | Killed an efreet
 10270 | D:9      | Killed a wizard
 10270 | D:9      | Noticed a catoblepas
 10419 | D:9      | Noticed a centaur warrior
 10438 | D:9      | Killed a centaur warrior
 10439 | D:9      | Killed an efreet
 10440 | D:9      | Reached XP level 11. HP: 47/87 MP: 0/0
 10440 | D:9      | Learned a level 5 spell: Iskenderun's Battlesphere
 10496 | D:9      | Killed a two-headed ogre
 10557 | D:9      | Identified the ring "Voungech" {Fly Will- rCorr Int+3}
 10557 | D:9      | Noticed a deep elf pyromancer
 10572 | D:9      | Killed a deep elf pyromancer
 10573 | D:9      | Reached skill level 10 in Dodging
 10774 | D:9      | Noticed Erica
 10832 | D:9      | Killed a catoblepas
 11303 | D:9      | Noticed a deep elf pyromancer
 11335 | D:9      | Killed a deep elf pyromancer
 11336 | D:9      | Reached skill level 1 in Armour
 11984 | D:9      | Found a staircase to the Orcish Mines.
 12080 | D:9      | Killed Erica
 12233 | D:10     | Entered Level 10 of the Dungeon
 12278 | D:10     | Noticed Sonja
 12280 | D:10     | Killed Sonja
 12444 | D:10     | Found a transporter.
 12444 | D:10     | Found a transporter.
 12943 | D:10     | Identified the +1 shortbow of Meash {drain, rCorr}
 12981 | D:10     | Reached skill level 1 in Evocations
 13089 | D:10     | Reached skill level 1 in Long Blades
 13089 | D:10     | Reached XP level 12. HP: 74/94 MP: 0/0
 13279 | D:10     | Noticed a two-headed ogre
 13283 | D:10     | Killed a two-headed ogre
 13541 | D:11     | Reached skill level 10 in Spellcasting
 13815 | D:11     | Reached **** piety under Ashenzari
 13895 | D:11     | Found a staircase to the Lair.
 14017 | D:11     | Noticed Erolcha
 14743 | Lair:1   | Entered Level 1 of the Lair of Beasts
 14776 | Lair:1   | Reached ***** piety under Ashenzari
 14908 | Lair:1   | Reached skill level 10 in Fighting
 15128 | Lair:1   | Reached skill level 5 in Evocations
 15263 | Lair:1   | Noticed a boulder beetle
 15439 | Lair:1   | Killed a boulder beetle
 15440 | Lair:1   | Reached skill level 5 in Long Blades
 15958 | Lair:1   | Reached XP level 13. HP: 91/108 MP: 0/0
 15958 | Lair:1   | Learned a level 5 spell: Lee's Rapid Deconstruction
 16466 | Lair:2   | Found a dark tunnel.
 16484 | Volcano  | Entered a volcano
 17495 | Lair:1   | Slain by a death yak

Illustrated notes

Levels and vault maps discovered:
D:1:      erik_arrival_triangle_medium, layout_basic, serial_shops, shop
D:2:      layout_loops_cross, minmay_quadrilaterals
D:3:      layout_loops_ring, shapermc_ecumenical_altar_gd,
          amcnicky_mini_pool_small, st_stairs_10, uniq_grinder,
          uniq_crazy_yiuf_cottage, uniq_ijyb
D:4:      layout_loops_ring, minmay_temple_entry_steel_oval,
          kennysheep_generic_room_6
D:5:      layout_cave_pods, dk_noncrumbling_3
D:6:      layout_layer_cave, ebering_ghost_rock_garden, nrook_mini_backslash
D:7:      wad_pebble_path, layout_basic, kennysheep_little_box, uniq_duvessa,
          uniq_prince_ribbit1
D:8:      layout_basic
D:9:      minmay_the_grid_triangle_9x9_rhombus_thin_mashed
          [minmay_the_grid_triangle_9x9_corrupted_corridor,
          minmay_the_grid_triangle_9x9_prize_schism,
          minmay_the_grid_triangle_9x9_shrine,
          minmay_the_grid_triangle_9x9_steps], layout_stronghold, david_orc_4,
          uniq_erica
D:10:     layout_basic, minmay_holes, nicolae_diode_stairs, uniq_sonja
D:11:     layout_loops_ring, due_lair_maze_entry_diamond,
          hangedman_abyss_or_decor_passed, uniq_erolcha
Temple:   nicolae_temple_bog_church
Lair:1:   wad_woods_minihive, layout_cave_pods, serial_bayou_shore_a
Lair:2:   layout_misc_corridors, enter_volcano_2,
          chequers_serial_rivers_micro_c, beast_lair_carwin_11

Skill      XL: |  1  2  3  4  5  6  7  8  9 10 11 12 13 |
---------------+----------------------------------------+-----
Spellcasting   | 4 5 6 7 8 9 10 | 10.6
Fighting       | 1 3 5 6 8 9 10 | 10.6
Dodging        | 4 9 10 | 10.4
Armour         | 3 |  3.0
Evocations     | 1 5 |  5.8
Long Blades    | 1 5 6 |  6.0
Stealth        | 4 |  4.1

Action                     |  1- 3 |  4- 6 |  7- 9 | 10-12 | 13-15 || total
---------------------------+-------+-------+-------+-------+-------++-------
  Melee: Dagger            |     1 |    18 |    64 |       |       ||    83
         Punch             |       |       |     3 |     2 |     2 ||     7
         Long sword        |       |       |    48 |   182 |    27 ||   257
   Cast: Freeze            |    52 |    50 |    11 |    16 |     5 ||   134
         Magic Dart        |     9 |    38 |    22 |    97 |    24 ||   190
         Frozen Ramparts   |       |     5 |    36 |    48 |     4 ||    93
         Ozocubu's Armour  |       |     3 |    26 |    28 |     4 ||    61
         Summon Ice Beast  |       |       |    17 |    15 |     2 ||    34
         Hailstorm         |       |       |       |    10 |       ||    10
         Iskenderun's Batt |       |       |       |    21 |     9 ||    30
         Lee's Rapid Decon |       |       |       |       |     7 ||     7
 Invoke: Curse Item        |       |       |     4 |     4 |       ||     8
         Shatter the Chain |       |       |       |     1 |       ||     1
  Evoke: Wand              |       |     3 |       |     3 |       ||     6
    Use: Scroll            |       |     4 |     4 |     3 |     1 ||    12
         Potion            |       |       |       |     1 |       ||     1
   Stab: Sleeping          |       |     1 |     2 |     3 |       ||     6
 Armour: Robe              |     5 |    15 |    52 |    34 |     4 ||   110
         Ring mail         |       |       |       |     3 |       ||     3
  Dodge: Dodged            |    21 |    35 |   111 |   267 |    69 ||   503

Table legend: (Time is in decaauts)
 A = Elapsed time spent in this place.
 B = Non-inter-level travel time spent in this place.
 C = Inter-level travel time spent in this place.
 D = Time resting spent in this place.
 E = Time spent auto-exploring this place.
 F = Levels seen in this place.
 G = Mean time per level.
                   A        B        C        D        E       F      G
               +--------+--------+--------+--------+--------+-----+--------+
         Total |  17456 |  16296 |   1160 |   4653 |   8242 |  15 | 1163.7 |
       Dungeon |  14554 |  13622 |    932 |   3838 |   7164 |  11 | 1323.1 |
        Temple |    174 |    158 |     16 |      0 |    126 |   1 |  174.0 |
          Lair |   2031 |   1819 |    212 |    602 |    794 |   2 | 1015.5 |
       Volcano |    695 |    695 |      0 |    213 |    158 |   1 |  695.0 |
               +--------+--------+--------+--------+--------+-----+--------+

Top non-repeatable levels by time:
     D:9: 2549 daAuts
  Lair:1: 1902 daAuts
     D:6: 1485 daAuts
     D:1: 1362 daAuts
     D:4: 1301 daAuts
     D:5: 1241 daAuts
    D:11: 1214 daAuts
     D:3: 1176 daAuts
    D:10: 1140 daAuts
     D:7: 1108 daAuts
     D:2: 1036 daAuts
     D:8: 939 daAuts
 Volcano: 695 daAuts
  Temple: 174 daAuts
  Lair:2: 129 daAuts
